 Dungeon Crawl Stone Soup version 0.17-a0-1447-g3d113ad (webtiles) character file.

427 Vlagh the Magician (level 6, 0/34 HPs)
             Began as a Deep Elf Wizard on June 30, 2015.
             Was an Initiate of Sif Muna.
             Succumbed to a worker ant's poison
             ... on level 4 of the Dungeon.
             The game lasted 00:58:36 (4617 turns).

Vlagh the Magician (Deep Elf Wizard)                Turns: 4617, Time: 00:58:36

Health: 0/34       AC:  3    Str:  4    XL:     6   Next: 65%
Magic:  0/17       EV: 14    Int: 25    God:    Sif Muna [......]
Gold:   141        SH:  0    Dex: 16    Spells: 6 memorised, 5 levels left

rFire  . . .     SeeInvis +     n - +1 dagger (flame)
rCold  . . .     Clarity  .     B - +0 robe {rN+}
rNeg   + . .     SustAt   .     (no shield)
rPois  .         Gourm    .     b - +0 hat
rElec  .         Spirit   .     (no cloak)
rCorr  .         Warding  .     y - +0 pair of gloves {Dex+3}
rMut   .         Stasis   .     (no boots)
MR     .....                    (no amulet)
Stlth  ++........               (no ring)
                                o - ring of see invisible

@: lethally poisoned (0 -> -7), very slightly contaminated, invisible, not
resistant to hostile enchantments, unstealthy
A: no striking features
a: Renounce Religion


You were on level 4 of the Dungeon.
You worshipped Sif Muna.
Sif Muna was noncommittal.
You were not hungry.

You visited 1 branch of the dungeon, and saw 5 of its levels.

You collected 141 gold pieces.

Inventory:

Hand weapons
 k - a +1 club
 n - a +1 dagger of flaming (weapon)
Armour
 a - a +1 robe
 b - a +0 hat (worn)
 j - a +0 pair of gloves
 y - a +0 pair of gloves of dexterity (worn)
 z - a +0 buckler of protection
 B - a +0 robe of positive energy (worn)
Magical staves
 A - an uncursed staff of earth
Jewellery
 o - a ring of see invisible (left hand)
Magical devices
 s - a wand of flame (18)
 w - a wand of magic darts (13)
 C - a wand of fire (4)
 F - a wand of random effects (30)
Scrolls
 f - a scroll of remove curse
 i - a scroll of fog
 q - a scroll of immolation
 u - 2 scrolls of enchant armour
 v - a scroll of enchant weapon
 D - a scroll of random uselessness {unknown}
 E - a scroll of identify
Potions
 h - a potion of agility
 m - a potion of brilliance
 t - a potion of ambrosia {unknown}
 x - a potion of might {unknown}
Books
 c - a book of Minor Magic

   Spells                             Type                      Level
   a - Magic Dart                     Conjuration                  1
   b - Blink                          Translocation                2
   c - Call Imp                       Summoning                    2
   d - Repel Missiles                 Charms/Air                   2
   e - Slow                           Hexes                        2
   f - Conjure Flame                  Conjuration/Fire             3
   g - Mephitic Cloud                 Conjuration/Poison/Air       3
Comestibles
 d - 3 bread rations
 g - a meat ration
 l - 4 chunks of flesh
 p - 3 beef jerkies
 r - a slice of pizza


   Skills:
 * Level 1.2 Fighting
 * Level 3.4 Dodging
 - Level 2.4 Stealth
 - Level 6.0 Spellcasting
 - Level 2.8 Conjurations
 - Level 1.1 Hexes
 - Level 1.3 Charms
 - Level 1.5 Summonings
 - Level 2.1 Translocations
 + Level 2.0 Air Magic
 - Level 2.4 Poison Magic
 * Level 1.0 Invocations
 * Level 1.3 Evocations


You had 5 spell levels left.
You knew the following spells:

 Your Spells              Type           Power        Failure   Level  Hunger
a - Magic Dart            Conj           ###.         2%          1    None
b - Blink                 Tloc           N/A          6%          2    None
c - Call Imp              Summ           ###.....     8%          2    None
d - Repel Missiles        Chrm/Air       ###...       8%          2    None
e - Slow                  Hex            ##......     10%         2    None
f - Mephitic Cloud        Conj/Pois/Air  ###.....     12%         3    None


Dungeon Overview and Level Annotations

Branches:
Dungeon (5/15)
 Temple: D:4-7

Altars:
Makhleb
Nemelex Xobeh
Qazlal
Ru
Sif Muna
Vehumet
Xom
The Shining One

Annotations:
D:4 Dowan, Duvessa
D:5 Grinder


Message History

The worker ant bites you but does no damage.
Casting: Magic Dart
Confirm with . or Enter, or press ? or * to list all spells.
You miscast Blink.
You are very lightly contaminated with residual magic.
Nothing appears to happen.
The worker ant misses you. The worker ant barely misses you.
Casting: Blink
Confirm with . or Enter, or press ? or * to list all spells.
You miscast Blink.
The floor and the ceiling briefly switch places.
The worker ant closely misses you. The worker ant closely misses you.
The worker ant bites you.
* * * LOW HITPOINT WARNING * * *
You are lethally poisoned!
The worker ant poisons you!
Drink which item? (? for menu, Esc to quit)
It was a potion of invisibility.
You fade into invisibility!
You die...

....♣♣P♣P...P..♣......##....#
...P♣..P..♣♣..♣♣♣......#....#
..(♣♣...♣♣♣.♣♣P♣♣♣..##.######
..♣♣P.P..♣..♣..♣ ♣..##(.####
P.P♣.......♣..♣♣♣♣..###....##
..............P♣♣...# ####..####
♣P.÷...).[....P.....#### ##....#
.PP.........P..P.......# ##....##
♣.PP..).......P.@......###......#
.P♣♣.♣P).......P.a.............<#
♣♣P.♣P♣......P.P....>[####....[.#
♣.♣♣..PP......PP..##### ##....##
.♣♣♣♣..♣......P.### #....#
♣♣..♣♣.......P..# ######
♣♣♣.P♣♣.P.....P## ####
♣♣.♣♣P.....P.P..###..##
♣..P♣P...P...♣(<.#....#


You could see a worker ant.

Vanquished Creatures
  The ghost of Ronin the Cutter, an average KoBe of Trog (D:3)
  An ogre (D:5)
  A giant frog zombie (D:5)
  A hound (D:4)
  Jessica (D:2)
  A worker ant (D:4)
  An iguana (D:5)
  3 adders
  A worm (D:3)
  4 orcs
  A ball python (D:2)
  8 bats
  5 giant cockroaches
  11 goblins
  12 hobgoblins
  4 jackals (D:3)
  9 kobolds
  3 giant geckos
  A giant newt (D:3)
  8 rats
  2 plants (D:4)
79 creatures vanquished.

Vanquished Creatures (collateral kills)
  A bat (D:3)
1 creature vanquished.

Grand Total: 80 creatures vanquished

Notes
Turn   | Place    | Note
--------------------------------------------------------------
     0 | D:1      | Vlagh the Deep Elf Wizard began the quest for the Orb.
     0 | D:1      | Reached XP level 1. HP: 10/10 MP: 7/7
   530 | D:1      | Found a sparkling altar of Nemelex Xobeh.
   627 | D:1      | Reached XP level 2. HP: 15/15 MP: 5/9
   639 | D:1      | Learned a level 2 spell: Blink
   642 | D:1      | Learned a level 2 spell: Call Imp
   645 | D:1      | Learned a level 2 spell: Repel Missiles
   648 | D:1      | Learned a level 2 spell: Slow
   675 | D:1      | Reached skill level 5 in Spellcasting
  1263 | D:2      | Noticed Jessica
  1272 | D:2      | Killed Jessica
  1272 | D:2      | Reached XP level 3. HP: 19/19 MP: 4/11
  1462 | D:2      | Learned a level 3 spell: Mephitic Cloud
  1899 | D:3      | Reached XP level 4. HP: 20/24 MP: 0/13
  1910 | D:3      | Reached skill level 1 in Air Magic
  2035 | D:3      | Found a radiant altar of Vehumet.
  2059 | D:3      | Reached skill level 1 in Poison Magic
  2338 | D:3      | Found a glowing golden altar of the Shining One.
  2405 | D:3      | Noticed Ronin's ghost (average KoBe)
  2528 | D:3      | Killed Ronin's ghost
  2528 | D:3      | Reached XP level 5. HP: 15/28 MP: 0/15
  2876 | D:3      | Found a burning altar of Makhleb.
  3025 | D:3      | Found a deep blue altar of Sif Muna.
  3028 | D:3      | Became a worshipper of Sif Muna the Loreminder
  3246 | D:4      | Reached XP level 6. HP: 31/33 MP: 4/16
  3605 | D:4      | Found a sacrificial altar of Ru.
  3771 | D:4      | Noticed Duvessa
  3771 | D:4      | Noticed Dowan
  4117 | D:4      | Found a burning altar of Makhleb.
  4123 | D:4      | Found a stormy altar of Qazlal.
  4238 | D:5      | Entered Level 5 of the Dungeon
  4249 | D:5      | Found a shimmering altar of Xom.
  4295 | D:5      | Reached skill level 1 in Fighting
  4295 | D:5      | Reached skill level 6 in Spellcasting
  4295 | D:5      | Reached skill level 1 in Hexes
  4295 | D:5      | Reached skill level 1 in Charms
  4295 | D:5      | Reached skill level 1 in Evocations
  4404 | D:5      | Reached skill level 1 in Invocations
  4577 | D:5      | Noticed Grinder
  4616 | D:4      | HP: 1/34 [worker ant (4)]
  4617 | D:4      | Succumbed to a worker ant's poison

Vault maps used:
D:1:      dpeg_arrival_windows_large_door, nemelex_deck
D:2:      uniq_jessica
D:3:      vehumet_altar_wand_db, lightli_temple_of_fire, tso_altar,
          lemuel_doored_altar
D:4:      wad_woods_pond, nicolae_overflow_crystal_walls, kennysheep_mini,
          first_bread, bloody_makhleb, uniq_duvessa
D:5:      xom_butterflies, kennysheep_little_box, uniq_grinder

Action                   |  1- 3 |  4- 6 || total
-------------------------+-------+-------++-------
Melee: Club              |     3 |       ||     3
       Dagger            |     1 |   268 ||   269
 Cast: Magic Dart        |    73 |   120 ||   193
       Blink             |     2 |    13 ||    15
       Slow              |       |     3 ||     3
       Call Imp          |       |     1 ||     1
       Mephitic Cloud    |       |     4 ||     4
Evoke: Wand              |       |     6 ||     6
  Use: Scroll            |     7 |     5 ||    12
       Potion            |       |     9 ||     9
 Stab: Sleeping          |       |     1 ||     1
  Eat: Chunk             |     3 |     9 ||    12
